 Dungeon Crawl Stone Soup version 0.32-a0-868-g153ae1a8d6 (webtiles) character file.

Game seed: 8970779629181984857

163 Biggs the Shooter (level 5, -3/38 HPs)
             Began as a Coglin Hunter on Mar 28, 2024.
             Succumbed to a kobold brigand's curare-tipped dart
             ... in a sewer.
             The game lasted 00:02:51 (1689 turns).

Biggs the Shooter (Coglin Hunter)                   Turns: 1689, Time: 00:02:52

Health: -3/38      AC:  5    Str: 12    XL:     5   Next: 44%
Magic:  5/5        EV: 10    Int:  8    God:
Gold:   96         SH:  0    Dex: 19    Spells: 4/4 levels left

rFire   . . .        a - +2 sling {Septima}
rCold   . . .        d - +0 sling {Apolônia}
rNeg    . . .        o - +0 ring mail
rPois   .            (no helmet)
rElec   .            (no cloak)
rCorr   .            (no gloves)
SInv    .            (no boots)
Will    +....        (amulet unavailable)
Stlth   +            (ring unavailable)
HPRegen 0.26/turn    (ring unavailable)
MPRegen 0.09/turn    (no gizmo)

%: no passive effects
@: lethally poisoned (-3 -> -46), enlightened, flying, slowed, revved, very slow
A: off-hand wielding, slow wielding, warmup strikes, no jewellery
a: Invent Gizmo


You were in a sewer.
You visited 1 branch of the dungeon, and saw 3 of its levels.
You also visited: Sewer.

You collected 118 gold pieces.
You spent 22 gold pieces at shops.

Inventory:

Hand Weapons
 a - a +2 sling (weapon) {Septima}
 d - a +0 sling (offhand) {Apolônia}
Armour
 c - a +0 leather armour
 o - a +0 ring mail (worn)
Scrolls
 b - a scroll of butterflies
 e - a scroll of fear {unknown}
 f - a scroll of vulnerability {unknown}
 l - 2 scrolls of identify
 n - a scroll of noise {unknown}
 q - 2 scrolls of torment {unknown}
Potions
 g - a potion of magic {unknown}
 h - a potion of berserk rage {unknown}
 i - a potion of ambrosia {unknown}
 j - a potion of curing {unknown}
 k - 3 potions of enlightenment
 m - a potion of might {unknown}
 p - 3 potions of lignification {unknown}


   Skills:
 - Level 2.0 Fighting
 + Level 6.0 Ranged Weapons
 - Level 1.7 Dodging
 - Level 0.7 Stealth


You had 4 spell levels left.
You didn't know any spells.
Your spell library contained the following spells:

 Spells                   Type           Power      Damage    Failure   Level
 Ensorcelled Hibernation  Hex/Ice        0%         N/A       83%         2
 Fugue of the Fallen      Necr           0%         N/A       96%         3
 Anguish                  Hex/Necr       0%         N/A       100%        4


Dungeon Overview and Level Annotations

Branches:
Dungeon (3/15)              Sewer (1/1)

Altars:
Qazlal

Shops:
D:1 [*?

Annotations:
D:3 1 transporter


Innate Abilities, Weirdness & Mutations

You can wield a second weapon in your off-hand.
It takes a long time for you to wield or remove held weapons.
Your first few attacks do less damage.
You cannot equip rings or amulets.


Message History

The sling bullet hits the kobold.
You kill the kobold!
You shoot a sling bullet.
Unknown command.
Unknown command.
You shoot a sling bullet.
The sling bullet closely misses the kobold brigand.
You shoot a sling bullet.
The sling bullet hits the kobold brigand.
The kobold brigand is lightly wounded.
The kobold brigand throws a curare-tipped dart.
The curare-tipped dart hits you.
You are poisoned.
You have difficulty breathing.
You feel yourself slow down.
A kobold brigand comes into view.
It is wielding a +0 dagger and quivering curare-tipped darts.
Unknown command.
You shoot a sling bullet. The kobold brigand shouts!
The sling bullet hits the kobold brigand.
The kobold brigand is moderately wounded.
You shoot a sling bullet.
The sling bullet barely misses the kobold brigand.
You feel very sick.
You hear a shout!
The kobold brigand throws a curare-tipped dart.
The curare-tipped dart hits you.
You are lethally poisoned!
You have difficulty breathing.
You feel as though you will be slow longer.
The kobold brigand throws a curare-tipped dart.
The curare-tipped dart hits you.
You are more poisoned.
You have difficulty breathing.
* * * LOW HITPOINT WARNING * * *
You feel as though you will be slow longer.
You are too injured to fight recklessly!
It was a potion of enlightenment.
You feel very buoyant.
You fly up into the air.
You die...

### #∩# ############
###.###.~....~...#
######.....~~...~~~~~.#
#≈≈≈~~~~~~~~~~~~~≈≈≈~~#.
≈≈≈≈≈≈≈≈≈≈≈≈≈≈≈≈≈≈≈≈~K).
≈≈≈≈≈~~~~≈~~~~~~~≈≈≈~K#
######......~~..@~~~.~#
#######.~.~~~~~~.#
##~######### #~# #~# #~#
#~# #~# #~#


You could see 2 kobold brigands.

Vanquished Creatures
  A hound (D:3)
  A jelly (D:2)
  5 adders
  A river rat (Sewer)
  A dart slug (D:1)
  2 bats (D:1)
  5 endoplasms
  2 giant cockroaches
  3 goblins
  4 hobgoblins
  3 quokkas (D:1)
  6 ball pythons
  6 frilled lizards
  7 kobolds
  9 rats
56 creatures vanquished.

Notes
Turn   | Place    | Note
-------+----------+-------------------------------------------
     0 | D:1      | Biggs the Coglin Hunter began the quest for the Orb.
     0 | D:1      | Reached XP level 1. HP: 16/16 MP: 1/1
   188 | D:1      | Reached skill level 4 in Ranged Weapons
   188 | D:1      | Reached XP level 2. HP: 22/22 MP: 2/2
   274 | D:1      | Found Otusoupp's Assorted Antiques.
   422 | D:1      | Found Daddas's Magic Scroll Shop.
   425 | D:1      | Bought a scroll of identify for 22 gold pieces
   452 | D:1      | Reached XP level 3. HP: 27/27 MP: 3/3
   589 | D:1      | Found a faded altar of an unknown god.
   711 | D:1      | Found a transporter.
   711 | D:1      | Found Sapucusu's Antique Armour Emporium.
   748 | D:1      | Found a transporter.
  1005 | D:2      | Reached skill level 5 in Ranged Weapons
  1005 | D:2      | Reached XP level 4. HP: 33/33 MP: 4/4
  1510 | D:3      | Reached XP level 5. HP: 38/38 MP: 5/5
  1520 | D:3      | Found a stormy altar of Qazlal.
  1550 | D:3      | Found a transporter.
  1572 | D:3      | Found a glowing drain.
  1578 | Sewer    | Entered a sewer
  1590 | Sewer    | Reached skill level 6 in Ranged Weapons
  1685 | Sewer    | Noticed a kobold brigand
  1687 | Sewer    | Noticed a kobold brigand
  1689 | Sewer    | Succumbed to a kobold brigand's curare-tipped dart

Illustrated notes

Levels and vault maps discovered:
D:1:      dpeg_arrival_castle, layout_loops_ring,
          hellmonk_ecumenical_altar_leap_of_faith, serial_shops, shop,
          nicolae_shop_rolled_up, nicolae_shop_drivethru
D:2:      minmay_alternating_diamond, layout_basic
D:3:      layout_basic, mainiacjoe_overflow_alcove_1,
          mainiacjoe_overflow_divided_tiny, elyvilon_altar_5,
          nicolae_qazlal_eye_of_the_storm, gammafunk_ghost_mausoleum,
          mainiacjoe_sewer_entry_somewhere_in_here_1, uniq_sigmund
Sewer:    sewer_kobolds

Skill      XL: |  1  2  3  4  5 |
---------------+----------------+-----
Ranged Weapons | 4 5 6 |  6.0
Fighting       | |  2.0
Dodging        | |  1.7
Stealth        | |  0.7

Action                     |  1- 3 |  4- 6 || total
---------------------------+-------+-------++-------
   Fire: Sling             |   142 |   108 ||   250
    Use: Potion            |       |     1 ||     1
 Armour: Leather armour    |     4 |       ||     4
         Ring mail         |     2 |    19 ||    21
  Dodge: Dodged            |     7 |    11 ||    18

Table legend: (Time is in decaauts)
 A = Elapsed time spent in this place.
 B = Non-inter-level travel time spent in this place.
 C = Inter-level travel time spent in this place.
 D = Time resting spent in this place.
 E = Time spent auto-exploring this place.
 F = Levels seen in this place.
 G = Mean time per level.
                   A        B        C        D        E       F      G
               +--------+--------+--------+--------+--------+-----+--------+
         Total |   1739 |   1714 |     25 |      0 |   1407 |   4 |  434.8 |
       Dungeon |   1610 |   1585 |     25 |      0 |   1299 |   3 |  536.7 |
         Sewer |    129 |    129 |      0 |      0 |    107 |   1 |  129.0 |
               +--------+--------+--------+--------+--------+-----+--------+

Top non-repeatable levels by time:
     D:1: 788 daAuts
     D:2: 699 daAuts
   Sewer: 129 daAuts
     D:3: 122 daAuts
